 Dungeon Crawl Stone Soup version 0.30-a0-374-g95c0257 (webtiles) character file.

Game seed: 11052785768532930468

1530 Kel the Cleaver (level 8, -7/68 HPs)
             Began as a Minotaur Berserker on Nov 25, 2022.
             Was a High Priest of Trog.
             Mangled by a gnoll
             ... wielding a +0 halberd
             ... led by a gnoll bouda
              (9 damage)
             ... on level 7 of the Dungeon.
             The game lasted 00:08:20 (6423 turns).

Kel the Cleaver (Minotaur Berserker)                Turns: 6423, Time: 00:08:21

Health: -7/68      AC: 12    Str: 25    XL:     8   Next: 55%
Magic:  7/7        EV: 12    Int:  4    God:    Trog [*****.]
Gold:   279        SH:  0    Dex:  9    Spells: 7/7 levels left

rFire   . . .      SeeInvis .    m - +0 war axe
rCold   . . .      Faith    .    (no shield)
rNeg    . . .      Spirit   .    C - +0 plate armour
rPois   .          Reflect  .    (helmet restricted)
rElec   .          Harm     .    (no cloak)
rCorr   +          Rampage  .    (no gloves)
Will    .....                    (no boots)
Stlth   ..........               (no amulet)
HPRegen 0.31/turn                j - ring of resist corrosion
MPRegen 0.10/turn                A - +4 ring of evasion

@: weakened
A: horns 2, retaliatory headbutt
a: Renounce Religion, Berserk, Trog's Hand, Brothers in Arms


You were on level 7 of the Dungeon.
You worshipped Trog.
Trog was extremely pleased with you.
You visited 1 branch of the dungeon, and saw 7 of its levels.

You collected 279 gold pieces.

Inventory:

Hand Weapons
 m - a +0 war axe (weapon)
Missiles
 y - 3 throwing nets (quivered)
Armour
 C - a +0 plate armour (worn)
Jewellery
 i - a ring of fire
 j - a ring of resist corrosion (left hand)
 A - a +4 ring of evasion (right hand)
 D - a +4 ring of protection
Wands
 a - a wand of light (7)
 v - a wand of flame (8)
Scrolls
 b - 4 scrolls of magic mapping {unknown}
 d - 12 scrolls of identify {unknown}
 f - 2 scrolls of poison {unknown}
 h - 2 scrolls of enchant weapon {unknown}
 k - a scroll of enchant armour {unknown}
 l - a scroll of fear {unknown}
 q - 2 scrolls of teleportation {unknown}
 s - 2 scrolls of immolation {unknown}
 t - a scroll of blinking {unknown}
 u - a scroll of vulnerability {unknown}
 w - 3 scrolls of noise {unknown}
 x - a scroll of silence {unknown}
 B - a scroll of butterflies {unknown}
Potions
 c - 2 potions of invisibility {unknown}
 e - 2 potions of mutation {unknown}
 g - 3 potions of heal wounds {unknown}
 n - 2 potions of flight {unknown}
 o - a potion of attraction {unknown}
 p - 4 potions of curing {unknown}
 r - 2 potions of magic {unknown}
 z - a potion of haste {unknown}


   Skills:
 - Level 5.3 Fighting
 + Level 11.5 Axes
 - Level 4.5 Armour
 - Level 4.1 Dodging


You had 7 spell levels left.
You didn't know any spells.
Your spell library was empty.

Dungeon Overview and Level Annotations

Branches:
Dungeon (7/15)             Temple (0/1) D:4

Altars:
Yredelemnul
The Shining One


Innate Abilities, Weirdness & Mutations

You have a pair of horns on your head.
You reflexively headbutt those who attack you in melee.


Message History

The gnoll burns you. The gnoll misses you.
You hit the gnoll bouda but do no damage.
The gnoll hits you from afar with a +0 halberd.
The gnoll hits you from afar with a +2 spear of flaming.
The gnoll burns you.
The gnoll bouda barks out a call to the hunt!
The gnolls pick up the pace!
You hit the gnoll bouda but do no damage.
Your headbutt misses the gnoll bouda.
You hit the gnoll bouda but do no damage.
The gnoll barely misses you.
The gnoll hits you from afar with a +2 spear of flaming.
The gnoll burns you.
The gnoll bouda hits you with a +0 whip.
The gnoll bouda attacks as you move away!
The gnoll bouda hits you with a +0 whip.
The gnoll hits you from afar with a +0 halberd!
* * * LOW HITPOINT WARNING * * *
The gnoll closely misses you.
Things that are here:
a +0 whip; a +0 club; a +0 spear You slash the gnoll!
The gnoll is severely wounded.
You barely miss the gnoll bouda. The gnoll completely misses you.
The gnoll closely misses you. You furiously retaliate!
You headbutt the gnoll.
You kill the gnoll!
Trog accepts your kill. The gnoll bouda barely misses you.
You barely miss the gnoll bouda.
The gnoll hits you from afar with a +0 halberd!
* * * LOW HITPOINT WARNING * * *
The gnoll bouda hits you with a +0 whip.
* * * LOW HITPOINT WARNING * * *
You closely miss the gnoll bouda. The gnoll closely misses you.
The gnoll bouda hits you with a +0 whip.
* * * LOW HITPOINT WARNING * * *
You slash the gnoll bouda!
The gnoll bouda is moderately wounded.
The gnoll hits you from afar with a +0 halberd!
You die...

#####+##
#......#
#......#
#......###
#....)@g.#
#......#.#
#.....g'.#
#......###
#......#
#......#
#......#
#.......


You could see a gnoll bouda and a gnoll (swift).

Vanquished Creatures
  An orc warrior (D:6)
  An ice beast (D:6)
  2 black bears (D:5)
  2 ogres (D:6)
  2 necrophages
  A scorpion (D:6)
  A crimson imp (D:3)
  2 hounds
  3 jellies
  A gnoll bouda (D:6)
  2 iguanas
  6 orc wizards
  16 gnolls
  4 adders
  2 river rats (D:3)
  A white imp (D:6)
  An ufetubus (D:6)
  3 worms
  A dart slug (D:3)
  18 orcs
  8 ball pythons
  7 endoplasms
  2 giant cockroaches
  13 goblins
  15 hobgoblins
  13 jackals
  17 kobolds
  3 quokkas
  10 bats
  7 frilled lizards
  3 goblin skeletons (D:3)
  2 goblin zombies (D:3)
  A hobgoblin zombie (D:3)
  2 kobold zombies (D:3)
  2 orc skeletons (D:3)
  8 rats
183 creatures vanquished.

Notes
Turn   | Place    | Note
-------+----------+-------------------------------------------
     0 | D:1      | Kel the Minotaur Berserker began the quest for the Orb.
     0 | D:1      | Reached XP level 1. HP: 19/19 MP: 0/0
   171 | D:1      | Reached XP level 2. HP: 26/27 MP: 1/1
   811 | D:2      | Reached XP level 3. HP: 33/33 MP: 2/2
  1001 | D:2      | Reached ** piety under Trog
  1157 | D:2      | Identified the +1 robe "Uhosk" {Str-3 Slay+5 Stlth+
                  | Archmagi}
  1426 | D:2      | Reached skill level 4 in Axes
  1492 | D:2      | Reached XP level 4. HP: 41/41 MP: 3/3
  2124 | D:3      | Found a glowing golden altar of the Shining One.
  2162 | D:3      | Reached XP level 5. HP: 47/47 MP: 4/4
  2292 | D:3      | Reached *** piety under Trog
  2846 | D:3      | Reached skill level 5 in Fighting
  3046 | D:4      | Reached XP level 6. HP: 51/56 MP: 5/5
  3108 | D:4      | Found a staircase to the Ecumenical Temple.
  3564 | D:4      | Reached skill level 5 in Axes
  3767 | D:5      | Entered Level 5 of the Dungeon
  3772 | D:5      | Reached **** piety under Trog
  3812 | D:5      | Reached skill level 6 in Axes
  4012 | D:5      | Found a basalt altar of Yredelemnul.
  4307 | D:5      | Reached XP level 7. HP: 59/61 MP: 6/6
  4350 | D:5      | Reached skill level 7 in Axes
  4693 | D:5      | Reached skill level 8 in Axes
  5283 | D:6      | Reached skill level 9 in Axes
  5470 | D:6      | Reached XP level 8. HP: 67/68 MP: 7/7
  5502 | D:6      | Reached ***** piety under Trog
  5513 | D:6      | Reached skill level 10 in Axes
  6037 | D:6      | Reached skill level 11 in Axes
  6422 | D:7      | HP: 2/68 [gnoll bouda/+0 whip (5)]
  6423 | D:7      | Mangled by a gnoll

Illustrated notes

Levels and vault maps discovered:
D:1:      dpeg_arrival_boxes_within_box, layout_basic
D:2:      minmay_thinvault, layout_basic
D:3:      layout_basic, nicolae_tso_besieged_by_evil, portal_sewer_entry_b
D:4:      layout_basic, minmay_temple_entry_junction
D:5:      corexii_shantytown, layout_loops_ring, amcnicky_altar_gilded
D:6:      layout_layer_cave, minmay_misc_feat_encased
D:7:      layout_basic, mainiacjoe_overflow_six_doors_small, zin_treasury

Skill      XL: |  1  2  3  4  5  6  7  8 |
---------------+-------------------------+-----
Fighting       | 4 5 |  5.3
Armour         | 3 4 |  4.5
Dodging        | 3 4 |  4.1
Axes           | 4 6 9 11 | 11.5

Action                   |  1- 3 |  4- 6 |  7- 9 || total
-------------------------+-------+-------+-------++-------
Melee: Hand axe          |    56 |       |       ||    56
       Headbutt          |     8 |    29 |    33 ||    70
       War axe           |     8 |   144 |   157 ||   309
       Punch             |       |     1 |     2 ||     3
 Stab: Sleeping          |     3 |     2 |       ||     5
Armor: Animal skin       |    12 |       |       ||    12
       Robe              |     2 |     9 |       ||    11
       Scale mail        |       |    43 |    25 ||    68
       Plate armour      |       |       |    43 ||    43
Dodge: Dodged            |    51 |    79 |    78 ||   208

Table legend: (Time is in decaauts)
 A = Elapsed time spent in this place.
 B = Non-inter-level travel time spent in this place.
 C = Inter-level travel time spent in this place.
 D = Time resting spent in this place.
 E = Time spent auto-exploring this place.
 F = Levels seen in this place.
 G = Mean time per level.
                   A        B        C        D        E       F      G
               +--------+--------+--------+--------+--------+-----+--------+
         Total |   6474 |   6244 |    230 |      0 |   5325 |   7 |  924.9 |
       Dungeon |   6474 |   6244 |    230 |      0 |   5325 |   7 |  924.9 |
               +--------+--------+--------+--------+--------+-----+--------+

Top non-repeatable levels by time:
     D:6: 1512 daAuts
     D:2: 1285 daAuts
     D:5: 1138 daAuts
     D:3: 933 daAuts
     D:1: 801 daAuts
     D:4: 787 daAuts
     D:7: 16 daAuts
